 Dungeon Crawl Stone Soup version 0.17-a0-1997-ga88ed7d (webtiles) character file.

3043 Maka the Spear-Bearer (level 9, -1/75 HPs)
             Began as a Naga Berserker on Oct 8, 2015.
             Was an Elder of Trog.
             Slain by an orc warrior
             ... wielding a +0 mace
              (10 damage)
             ... on level 6 of the Dungeon.
             The game lasted 00:18:11 (6720 turns).

Maka the Spear-Bearer (Naga Berserker)              Turns: 6720, Time: 00:18:11

Health: -1/75      AC: 10    Str: 20    XL:     9   Next: 86%
Magic:  9/9        EV:  8    Int:  7    God:    Trog [****..]
Gold:   297        SH:  0    Dex: 14    Spells: 0 memorised, 8 levels left

rFire  . . .     SeeInvis +     a - +2 trident (pierce)
rCold  . . .     Clarity  .     d - +0 scale mail
rNeg   . . .     SustAt   .     (no shield)
rPois  +         Gourm    .     u - +1 helmet
rElec  .         Spirit   .     (no cloak)
rCorr  .         Warding  .     (no gloves)
rMut   .         Stasis   .     (no barding)
MR     +++..                    (no amulet)
Stlth  ..........               (no ring)
                                (no ring)

@: short of breath, regenerating, very slow, extremely resistant to hostile
enchantments, extremely unstealthy
A: see invisible, deformed body, poison resistance, slowness 2, slow metabolism
1, spit poison 2, AC +3
a: Spit Poison, Burn Spellbooks, Berserk, Trog's Hand, Brothers in Arms,
Renounce Religion


You were on level 6 of the Dungeon.
You worshipped Trog.
Trog was greatly pleased with you.
You were very hungry.

You visited 1 branch of the dungeon, and saw 6 of its levels.

You collected 297 gold pieces.

Inventory:

Hand Weapons
 a - a +2 trident of piercing (weapon)
 b - a +0 spear of venom
Missiles
 i - 13 tomahawks (quivered)
Armour
 d - a +0 scale mail (worn)
 u - a +1 helmet (worn)
Wands
 j - a wand of draining (6)
 m - a wand of frost (30)
 n - a wand of fire (4)
 s - a wand of flame (28)
 v - a wand of frost (37)
Scrolls
 h - a scroll of immolation
 k - 3 scrolls of enchant weapon
 t - a scroll of teleportation
 x - a scroll of amnesia
Potions
 e - a potion of invisibility
 f - 2 potions of agility
 g - a potion of resistance {unknown}
 l - a potion of poison {unknown}
 p - a potion of brilliance
 r - a potion of flight
 z - 2 potions of degeneration {unknown}
Books
 w - a book of Transfigurations

   Spells                             Type                      Level
   a - Stoneskin                      Transmutation/Earth          2
   b - Irradiate                      Conjuration/Transmutation    5
   c - Statue Form                    Transmutation/Earth          6
   d - Hydra Form                     Transmutation                6
   e - Dragon Form                    Transmutation                7
   Trog disapproves of the use of such an item.
Comestibles
 c - 7 bread rations
 q - 2 meat rations


   Skills:
 - Level 3.0 Fighting
 + Level 11.0 Polearms
 - Level 7.0 Armour
 - Level 1.5 Dodging


You had 8 spell levels left.
You didn't know any spells.

Dungeon Overview and Level Annotations

Branches:
Dungeon (6/15)             Temple (0/1) D:5

Altars:
Dithmenos
Makhleb
Okawaru
Ru
Sif Muna
Trog

Shops:
D:4 *


Innate Abilities, Weirdness & Mutations

You cannot wear boots.
Your serpentine skin is tough (AC +3).
You have supernaturally acute eyesight.
Armour fits poorly on your strangely shaped body.
Your system is resistant to poisons.
You cover ground very slowly.
You have a slow metabolism.
You can spit poison.


Message History

You feel slightly more hungry.
You barely miss the orc warrior.
The orc warrior is moderately wounded.
The orc warrior hits you with a mace!
* * * LOW HITPOINT WARNING * * *
You are too injured to fight recklessly!
You are too injured to fight recklessly!
You are too injured to fight recklessly!
You are too injured to fight recklessly!
You barely miss the orc warrior.
The orc warrior is moderately wounded.
The orc warrior hits you with a mace!
* * * LOW HITPOINT WARNING * * *
Drink which item? (? for menu, Esc to quit)
You feel better.
Use which ability?
Your skin crawls.
You feel resistant to hostile enchantments.
You feel slightly more hungry. The orc warrior hits you with a mace!
You die...

.. ##..####...##.).##
###..... .
##..#....#####..###.......
##.......# ##...####..##
#...#....# ##...........
##..###...# ##.......##'##
#..##
##oo####.#..##..#...#
#.......#
##o##...####...#.8.#
##.......## #o#.####
##..#...#
#........####@.## #..##'##
##....##.........#
#....... #....#
##....###.# #######. #....
#.....#### ## #....
###.....#.##
.....##......#...#
............##..##
..........######)#
..>....<#..###...#


You could see an orc warrior, an orc wizard and 2 orcs.

Vanquished Creatures
  An unseen horror (D:5)
  The ghost of Maka the Chopper, a novice DDFi (D:4)
  Sigmund (D:3)
  Menkaure (D:5)
  An ice beast (D:6)
  2 phantoms
  2 ogres (D:5)
  2 orc warriors (D:6)
  A necrophage (D:6)
  Blork the orc (D:6)
  2 scorpions
  A wight (D:6)
  2 crimson imps
  A jelly (D:5)
  2 giant frog skeletons
  A gnoll shaman (D:5)
  5 orc priests
  Ijyb (D:2)
  2 centaur skeletons (D:5)
  7 worker ants
  An iguana (D:4)
  4 orc wizards
  A hound zombie (D:5)
  5 adders
  10 gnolls (D:5)
  An ooze (D:1)
  An adder skeleton (D:4)
  3 worms
  5 giant geckos
  18 orcs
  4 bats
  5 giant cockroaches
  9 goblins
  10 hobgoblins
  2 ball pythons
  4 giant newts
  12 jackals
  2 jackal skeletons
  10 kobolds
  3 quokkas
  A quokka skeleton (D:5)
  8 rats
156 creatures vanquished.

Notes
Turn   | Place    | Note
--------------------------------------------------------------
     0 | D:1      | Maka the Naga Berserker began the quest for the Orb.
     0 | D:1      | Reached XP level 1. HP: 21/21 MP: 1/1
   177 | D:1      | Reached XP level 2. HP: 28/28 MP: 2/2
   501 | D:1      | Reached XP level 3. HP: 27/34 MP: 3/3
   524 | D:1      | Acquired Trog's second power
  1395 | D:2      | Reached XP level 4. HP: 33/42 MP: 4/4
  1769 | D:2      | Noticed Ijyb
  1813 | D:2      | Killed Ijyb
  1813 | D:2      | Reached skill level 4 in Polearms
  1978 | D:3      | Reached XP level 5. HP: 48/49 MP: 5/5
  2094 | D:3      | Reached skill level 5 in Polearms
  2306 | D:3      | Noticed Sigmund
  2328 | D:3      | Killed Sigmund
  2328 | D:3      | Reached skill level 6 in Polearms
  2328 | D:3      | Reached XP level 6. HP: 36/56 MP: 6/6
  2645 | D:4      | Found Wiagait's Elemental Accessories.
  3072 | D:4      | Reached skill level 7 in Polearms
  3072 | D:4      | Reached XP level 7. HP: 55/62 MP: 7/7
  3191 | D:4      | Found a bloodstained altar of Trog.
  3191 | D:4      | Noticed Maka's ghost (novice DDFi)
  3525 | D:4      | Killed Maka's ghost
  3525 | D:4      | Reached skill level 8 in Polearms
  3709 | D:5      | Entered Level 5 of the Dungeon
  3723 | D:5      | Found a staircase to the Ecumenical Temple.
  3765 | D:5      | Noticed Menkaure
  3775 | D:5      | Killed Menkaure
  3775 | D:5      | Reached skill level 9 in Polearms
  3775 | D:5      | Reached XP level 8. HP: 37/69 MP: 8/8
  4034 | D:5      | Found a shadowy altar of Dithmenos.
  4034 | D:5      | Found a burning altar of Makhleb.
  4063 | D:5      | Noticed an unseen horror
  4088 | D:5      | HP: 1/69 [unseen horror (5)]
  4089 | D:5      | Killed an unseen horror
  4089 | D:5      | Reached skill level 10 in Polearms
  4089 | D:5      | Reached XP level 9. HP: 1/75 MP: 9/9
  4389 | D:5      | Reached skill level 11 in Polearms
  5007 | D:5      | Reached skill level 5 in Armour
  5131 | D:5      | Acquired Trog's third power
  5165 | D:5      | Found an iron altar of Okawaru.
  5419 | D:5      | Found a deep blue altar of Sif Muna.
  5863 | D:6      | Noticed Blork the orc
  5918 | D:6      | Found a sacrificial altar of Ru.
  6557 | D:6      | Killed Blork the orc
  6718 | D:6      | HP: 1/75 [orc warrior/mace (11)]
  6720 | D:6      | Slain by an orc warrior

Vault maps used:
D:1:      evilmike_arrival_plus
D:2:      uniq_iyjb
D:3:      kennysheep_generic_room_3, uniq_sigmund
D:4:      lightli_temple_of_fire, first_bread, nicolae_elemental_shop
D:5:      gammafunk_temple_overflow_wave, kennysheep_mini,
          minmay_temple_entry_junction, okawaru_altar_gauntlet_db, uniq_menkaure
D:6:      kennysheep_little_box, minmay_misc_feat_room, sword_in_stone

Action                   |  1- 3 |  4- 6 |  7- 9 || total
-------------------------+-------+-------+-------++-------
Melee: Spear             |   187 |   156 |     1 ||   344
       Trident           |       |    48 |   420 ||   468
Invok: Berserk           |       |     2 |     5 ||     7
       Trog's Hand       |       |       |     4 ||     4
 Abil: Spit Poison       |       |     2 |    13 ||    15
  Use: Scroll            |       |     4 |    11 ||    15
       Potion            |       |       |     2 ||     2
  Eat: Chunk             |     1 |     3 |     6 ||    10
       Fruit             |       |     4 |     3 ||     7
       Beef jerky        |       |     1 |       ||     1
       Pizza             |       |       |     1 ||     1
       Royal jelly       |       |       |     2 ||     2
